 Dungeon Crawl Stone Soup version 0.19-a0-1861-g35def1e (webtiles) character file.

165 MackTheKnife the Sneak (level 5, -3/34 HPs)
             Began as an Octopode Wanderer on Oct 12, 2016.
             Killed by nerve-wracking pain
             ... invoked by an orc priest
              (6 damage)
             ... on level 3 of the Dungeon.
             The game lasted 00:04:45 (2981 turns).

MackTheKnife the Sneak (Octopode Wanderer)          Turns: 2981, Time: 00:04:45

Health: -3/34      AC:  1    Str:  8    XL:     5   Next: 46%
Magic:  5/5        EV: 13    Int: 16    God:
Gold:   87         SH:  0    Dex: 14    Spells: 0 memorised, 4 levels left

rFire  . . .     SeeInvis .     a - +2 dagger
rCold  . . .     Gourm    .     (no shield)
rNeg   . . .     Faith    .     (helmet restricted)
rPois  .         Spirit   .     (no amulet)
rElec  .         Dismiss  .     l - ring of flight {+Fly, !d}
rCorr  .         Reflect  .     (no ring)
MR     .....     Harm     .     (no ring)
Stlth  +++++.....               (no ring)
                                (no ring)
                                (no ring)
                                (no ring)
                                (no ring)

@: no status effects
A: almost no armour, stealthy swim, amphibious, 8 rings, constrict 8, camouflage
1, gelatinous body 1
a: Evoke Flight


You were on level 3 of the Dungeon.
You were not hungry.

You visited 1 branch of the dungeon, and saw 3 of its levels.

You collected 87 gold pieces.

Inventory:

Hand Weapons
 a - a +2 dagger (weapon)
 b - a +0 blowgun
   (You took it off a kobold on level 3 of the Dungeon)
 d - a +0 spear
Missiles
 i - 5 curare-tipped needles
 t - 2 throwing nets {=f, !d}
 v - 15 poisoned needles
Magical Staves
 q - an uncursed staff of conjuration {!a}
   (You found it on level 2 of the Dungeon)
Jewellery
 l - a ring of flight (left tentacle) {+Fly, !d}
   (You found it on level 1 of the Dungeon)
Scrolls
 j - 2 scrolls of remove curse {unknown}
 k - 3 scrolls of teleportation {unknown}
 o - a scroll of noise {unknown}
 p - a scroll of amnesia {unknown}
 r - a scroll of enchant weapon {unknown}
Potions
 c - a potion of ambrosia {unknown}
 e - a potion of resistance {unknown}
 g - 4 potions of curing {unknown}
 h - a potion of heal wounds {unknown}
 m - a potion of cure mutation {unknown}
 n - a potion of beneficial mutation {unknown}
 s - 2 potions of cancellation {unknown}
 u - 2 potions of haste
Comestibles
 f - 2 bread rations {@e1}


   Skills:
 - Level 2.0 Fighting
 - Level 3.0 Polearms
 - Level 1.0 Dodging
 + Level 7.4 Stealth
   Level 1.0 Shields
 - Level 1.0 Unarmed Combat
 - Level 1.1 Evocations


You had 4 spell levels left.
You didn't know any spells.

Dungeon Overview and Level Annotations

Branches:
Dungeon (3/15)

Altars:

Annotations:
D:1 exclusion: downstairs
D:2 Robin
D:3 Sigmund


Innate Abilities, Weirdness & Mutations

You cannot wear most types of armour.
You are very stealthy in the water. (Stealth+)
You are amphibious.
You can wear up to eight rings at the same time.
You can use your tentacles to constrict eight enemies at once.
Your skin changes colour to match your surroundings (Stealth+).
Your rubbery body absorbs attacks. (AC +1, EV +1)


Message History

You hit the adder.
You kill the adder!
No target in view!
You hear the rusting of a very distant drain.
Things that are here:
a club; a hobgoblin corpse A frilled lizard, a rat and Sigmund come into view.
Sigmund points at you and mumbles some strange words.
You resist with some effort.
The frilled lizard hisses angrily.
Unknown command.
Sigmund casts a spell at you. The puff of flame hits you!
You take 6 damage, and have 20/34 hp.
There is a stone staircase leading up here.
You climb upwards.
Level annotation: Robin
There is a stone staircase leading down here.
You start resting.
Health restored: 34 A gnoll comes into view.
It is wielding a whip.
You barely miss the gnoll.
The gnoll shouts!
You grab the gnoll. You constrict the gnoll. You hit the gnoll.
You constrict the gnoll. The gnoll hits you with a whip!
You take 12 damage, and have 22/34 hp.
MASSIVE DAMAGE!!
You hit the gnoll.
You constrict the gnoll, but do no damage.
The gnoll misses you.
You hit the gnoll. You constrict the gnoll. The gnoll hits you with a whip.
You take 5 damage, and have 17/34 hp.
You hit the gnoll.
You kill the gnoll!
You see here a whip.
(D) Dungeon
Where to? (Enter - D:2 @ (x,y), ? - help) Robin is too close now for your liking.
Robin is nearby!
You start resting.
Health restored: 34
There is a stone staircase leading down here.
You climb downwards.
You hear the sound of rushing water.
There is an entrance to a sewer on this level.
Hurry and find it before the portal rusts away!
You hear the quick rusting of a very distant drain.
Level annotation: Sigmund
There is a stone staircase leading up here.
Unknown command.
Unknown command.
A kobold comes into view.
A kobold is nearby!
A kobold is nearby!
The kobold shouts!
You completely miss the kobold. Your grab misses the kobold.
You squeeze the kobold.
You kill the kobold!
No target in view!
No target in view!
Things that are here:
a blowgun; 15 poisoned needles
u - a blowgun;
v - 15 poisoned needles Adjust (i)tems, (s)pells, or (a)bilities?
Adjust which item? (? for menu, Esc to quit)
u - a blowgun Adjust to which letter? (? for menu, Esc to quit)
b - a blowgun;
u - 2 potions of haste You hear the rapid rusting of a distant drain.
There is a stone staircase leading up here.
No target in view!
No target in view!
No target in view!
No target in view!
An orc comes into view.
It is wielding a hand axe of electrocution. 2 orcs and an orc priest come into view.
The orc priest is wielding a vampiric hand axe.
An orc comes into view. It is wielding a morningstar.
You catch the helpless rat completely off-guard!
You puncture the rat!
You kill the rat!
The orc hits you with a hand axe of electrocution.
You take 5 damage, and have 29/34 hp.
You hit the orc priest. You grab the orc priest. You constrict the orc priest.
The orc priest hits you with a vampiric hand axe.
The orc misses you.
You take 2 damage, and have 27/34 hp.
You hit the orc priest. You constrict the orc priest.
The orc hits you with a hand axe of electrocution.
You are electrocuted!
The orc priest invokes the aid of Beogh against you.
Beogh smites you!
* * * LOW HITPOINT WARNING * * *
The orc shouts! x3
You take 24 damage, and have 3/34 hp.
MASSIVE DAMAGE!!
You release your grip on the orc priest.
You hit the orc priest. Your grab misses the orc priest.
The orc priest calls down the wrath of Beogh upon you.
Pain shoots through your body!
You die...

### ...# ##...##
#### .......
....
#########.o.....
....
#.......#.o.....
.... #...oo.o..#
r..l
###.@#.#...#
.... #....#.# ##
.... # #.##.#..
....
#.##.##.####
.... #.......#
... ####.#### ..
. #.# . .# #.#
.## #.# #


You could see an orc priest and 4 orcs.

Vanquished Creatures
  Terence (D:3)
  5 gnolls
  3 adders
  An ooze (D:3)
  2 worms (D:2)
  A ball python (D:2)
  2 giant cockroaches
  11 goblins
  9 hobgoblins
  3 jackals (D:2)
  5 bats
  5 kobolds
  6 rats
54 creatures vanquished.

Notes
Turn   | Place    | Note
-------+----------+-------------------------------------------
     0 | D:1      | MackTheKnife the Octopode Wanderer began the quest for the Orb.
     0 | D:1      | MackTheKnife set off with: a +2 dagger, a potion of haste, a +0 short sword, a +0 spear, a bread ration {@e1}
     0 | D:1      | Reached XP level 1. HP: 14/14 MP: 1/1
    65 | D:1      | Reached skill level 3 in Stealth
    65 | D:1      | Reached XP level 2. HP: 11/19 MP: 2/2
   987 | D:2      | Reached skill level 4 in Stealth
   987 | D:2      | Reached XP level 3. HP: 24/24 MP: 3/3
  1003 | D:2      | Reached skill level 5 in Stealth
  1144 | D:2      | Reached XP level 4. HP: 27/29 MP: 4/4
  1599 | D:2      | Reached skill level 6 in Stealth
  1697 | D:2      | Noticed Robin
  2384 | D:3      | Reached XP level 5. HP: 15/34 MP: 5/5
  2487 | D:3      | Noticed Terence
  2497 | D:3      | Killed Terence
  2497 | D:3      | Reached skill level 7 in Stealth
  2577 | D:3      | Noticed Sigmund
  2979 | D:3      | HP: 3/34 [orc priest/divine providence (10)]
  2981 | D:3      | Killed from afar by an orc priest

Vault maps used:
D:1:      dpeg_arrival_tiny_h
D:2:      wad_lake_hut, first_bread, uniq_robin
D:3:      portal_sewer_entry_e, uniq_terence, uniq_sigmund

Skill      XL: |  1  2  3  4  5 |
---------------+----------------+-----
Stealth        | 3 4 5 6 7 |  7.4
Fighting       | |  2.0
Polearms       | |  3.0
Dodging        | |  1.0
Shields        | |  1.0
Unarmed Combat | |  1.0
Evocations     | |  1.1

Action                   |  1- 3 |  4- 6 || total
-------------------------+-------+-------++-------
Melee: Dagger            |    30 |    85 ||   115
       Constrict         |     8 |    21 ||    29
       Tentacles         |     7 |    14 ||    21
 Stab: Sleeping          |     7 |     6 ||    13
       Distracted        |       |     2 ||     2
  Eat: Chunk             |       |     3 ||     3
       Bread ration      |       |     1 ||     1
Armor: Skin              |       |     7 ||     7
Dodge: Dodged            |    11 |    30 ||    41

Vault maps used:
D:1:      dpeg_arrival_tiny_h
D:2:      wad_lake_hut, first_bread, uniq_robin
D:3:      portal_sewer_entry_e, uniq_terence, uniq_sigmund

Table legend:
 A = Turns spent in this place as a percentage of turns spent in the entire game.
 B = Non-inter-level travel turns spent in this place as a percentage of non-inter-level travel turns spent in the entire game.
 C = Inter-level travel turns spent in this place as a percentage of turns spent in this place.
 D = Turns resting spent in this place as a percentage of non-inter-level travel turns spent in this place.
 E = Turns spent auto-exploring this place as a percentage of non-inter-level travel turns spent in this place.
 F = Non-inter-level travel turns spent in this place divided by the number of levels of this place that you've seen.
                   A       B       C       D       E      F
               +-------+-------+-------+-------+-------+----------------------
         Total | 100.0 | 100.0 |   0.9 |   1.7 |   8.3 | 269.0
       Dungeon | 100.0 | 100.0 |   0.9 |   1.7 |   8.3 | 269.0
               +-------+-------+-------+-------+-------+----------------------

Table legend:
 A = Kills in this place as a percentage of kills in entire the game.
 B = Kills by you in this place as a percentage of kills by you in the entire game.
 C = Kills by friends in this place as a percentage of kills by friends in the entire game.
 D = Other kills in this place as a percentage of other kills in the entire game.
 E = Experience gained in this place as a percentage of experience gained in the entire game.
 F = Experience gained in this place divided by the number of levels of this place that you have seen.
                   A       B       C       D       E      F
               +-------+-------+-------+-------+-------+----------------------
         Total | 100.0 | 100.0 |  -nan |  -nan | 100.0 |  78.7
       Dungeon | 100.0 | 100.0 |  -nan |  -nan | 100.0 |  78.7
               +-------+-------+-------+-------+-------+----------------------
